[Event "Live Chess"]
[Site "Chess.com"]
[Date "2011.02.01"]
[Round "-"]
[White "hipposcottimus"]
[Black "alebits"]
[Result "0-1"]
[CurrentPosition "4kbnr/4pppp/p7/2p1P3/8/N1P2bR1/P1P2P1P/R1BrK3 w Qk -"]
[Timezone "UTC"]
[ECO "B20"]
[ECOUrl "https://www.chess.com/openings/Sicilian-Defense"]
[UTCDate "2011.02.01"]
[UTCTime "07:46:20"]
[WhiteElo "1815"]
[BlackElo "1741"]
[TimeControl "60"]
[Termination "alebits won by checkmate"]
[StartTime "07:46:20"]
[EndDate "2011.02.01"]
[EndTime "07:47:28"]
[Link "https://www.chess.com/game/live/93563740"]

1. e4 c5 2. Bb5 a6 3. Be2 b5 4. d4 d6 5. dxc5 Bb7 6. Bf3 Nc6 7. e5 dxc5 8. Bxc6+ Bxc6 9. Qxd8+ Rxd8 10. Ne2 Bxg2 11. Rg1 Be4 12. Na3 b4 13. Nc3 bxc3 14. bxc3 Bf3 15. Rg3 Rd1# 0-1

[Event "Live Chess"]
[Site "Chess.com"]
[Date "2011.02.01"]
[Round "-"]
[White "alebits"]
[Black "hipposcottimus"]
[Result "0-1"]
[CurrentPosition "r4r2/pb4k1/2p3q1/1p4P1/4Pn1Q/1B6/PPP3PP/R4R1K w - -"]
[Timezone "UTC"]
[ECO "B01"]
[ECOUrl "https://www.chess.com/openings/Scandinavian-Defense-Mieses-Kotrc-Variation-3.Nc3-Qd8-4.Bc4"]
[UTCDate "2011.02.01"]
[UTCTime "07:43:58"]
[WhiteElo "1730"]
[BlackElo "1824"]
[TimeControl "60"]
[Termination "hipposcottimus won on time"]
[StartTime "07:43:58"]
[EndDate "2011.02.01"]
[EndTime "07:46:04"]
[Link "https://www.chess.com/game/live/93563239"]

1. e4 d5 2. exd5 Qxd5 3. Nc3 Qd8 4. Bc4 e5 5. Nge2 Nf6 6. O-O c6 7. d3 Nbd7 8. Bg5 b5 9. Bb3 Be7 10. Ne4 Nxe4 11. Bxe7 Qxe7 12. dxe4 Nf6 13. Kh1 O-O 14. f3 Nd7 15. Ng3 Kh8 16. Nf5 Qf6 17. Qd2 g6 18. Nh6 Qg7 19. Ng4 f5 20. Ne3 f4 21. Ng4 h5 22. Nf2 Nf6 23. Qd6 Bb7 24. Qxe5 Rfe8 25. Qxf4 g5 26. Qf5 h4 27. Nh3 g4 28. fxg4 Rf8 29. g5 Nh5 30. Qg4 Qg6 31. Qxh4 Kg7 32. Nf4 Nxf4 0-1

[Event "Live Chess"]
[Site "Chess.com"]
[Date "2011.02.01"]
[Round "-"]
[White "hipposcottimus"]
[Black "alebits"]
[Result "1-0"]
[CurrentPosition "8/8/8/7p/2p1k2P/2K3P1/8/8 b - -"]
[Timezone "UTC"]
[ECO "B20"]
[ECOUrl "https://www.chess.com/openings/Sicilian-Defense"]
[UTCDate "2011.02.01"]
[UTCTime "07:41:25"]
[WhiteElo "1818"]
[BlackElo "1736"]
[TimeControl "60"]
[Termination "hipposcottimus won on time"]
[StartTime "07:41:25"]
[EndDate "2011.02.01"]
[EndTime "07:43:38"]
[Link "https://www.chess.com/game/live/93562738"]

1. e4 c5 2. Bb5 Nc6 3. Bxc6 bxc6 4. c4 d6 5. d3 Nf6 6. Bg5 g6 7. Bxf6 exf6 8. f4 Bg7 9. Nf3 O-O 10. O-O Bg4 11. Nbd2 d5 12. Qe1 Re8 13. Qf2 dxe4 14. dxe4 h5 15. h3 Bd7 16. f5 gxf5 17. exf5 Bxf5 18. Nb3 Bg6 19. Nh4 f5 20. Nxf5 Qg5 21. Nxg7 Kxg7 22. Nxc5 Qe3 23. Kh1 Qxf2 24. Rxf2 Rab8 25. b3 a5 26. Nd7 Rb7 27. Nc5 a4 28. Nxb7 axb3 29. axb3 Rb8 30. Nc5 Rxb3 31. Nxb3 Bd3 32. Rf3 Bxc4 33. Rf4 Bd5 34. Raf1 Bxb3 35. Rxf7+ Bxf7 36. Rxf7+ Kxf7 37. Kg1 Ke6 38. Kf2 Kd5 39. Ke2 c5 40. g3 Kd4 41. Kd2 c4 42. h4 Ke4 43. Kc3 1-0

[Event "Live Chess"]
[Site "Chess.com"]
[Date "2011.02.01"]
[Round "-"]
[White "alebits"]
[Black "hipposcottimus"]
[Result "1-0"]
[CurrentPosition "r2r4/p7/2P5/6Qk/2B2Bb1/8/PPP3PP/3R2K1 b - -"]
[Timezone "UTC"]
[ECO "C31"]
[ECOUrl "https://www.chess.com/openings/Kings-Gambit-Declined-Falkbeer-Countergambit-Accepted"]
[UTCDate "2011.02.01"]
[UTCTime "07:39:27"]
[WhiteElo "1742"]
[BlackElo "1812"]
[TimeControl "60"]
[Termination "alebits won by checkmate"]
[StartTime "07:39:27"]
[EndDate "2011.02.01"]
[EndTime "07:41:04"]
[Link "https://www.chess.com/game/live/93562387"]

1. e4 e5 2. f4 d5 3. exd5 Qxd5 4. Nc3 Qd6 5. Nf3 exf4 6. d4 Be7 7. Bc4 Nf6 8. O-O O-O 9. Ne5 b5 10. Nxb5 c6 11. Nxd6 Bxd6 12. Bxf4 Ng4 13. Qf3 h6 14. Nxc6 Bb7 15. d5 Nxc6 16. dxc6 Bc8 17. Bxd6 Rd8 18. Rad1 Kh7 19. Qxf7 Nf6 20. Rxf6 Bg4 21. Rxh6+ Kxh6 22. Bf4+ g5 23. Qf6+ Kh5 24. Qxg5# 1-0

[Event "Live Chess"]
[Site "Chess.com"]
[Date "2011.02.01"]
[Round "-"]
[White "hipposcottimus"]
[Black "alebits"]
[Result "1-0"]
[CurrentPosition "7r/pB4k1/3p2p1/2p1pb2/2Pb4/3P2P1/PP4RP/7K b - -"]
[Timezone "UTC"]
[ECO "B20"]
[ECOUrl "https://www.chess.com/openings/Sicilian-Defense-Staunton-Cochrane-Variation-2...Nc6"]
[UTCDate "2011.02.01"]
[UTCTime "07:37:11"]
[WhiteElo "1821"]
[BlackElo "1731"]
[TimeControl "60"]
[Termination "hipposcottimus won on time"]
[StartTime "07:37:11"]
[EndDate "2011.02.01"]
[EndTime "07:39:05"]
[Link "https://www.chess.com/game/live/93561858"]

1. e4 c5 2. c4 Nc6 3. d3 Nf6 4. Nc3 d6 5. f4 g6 6. Nf3 Bg7 7. e5 Nd7 8. e6 O-O 9. exf7+ Rxf7 10. Be2 e6 11. O-O Nd4 12. Ng5 Rf8 13. Bg4 Nf6 14. Bh3 h6 15. Ne2 hxg5 16. fxg5 Nh5 17. Nxd4 Bxd4+ 18. Kh1 Rxf1+ 19. Qxf1 Qf8 20. Qd1 Nf4 21. Bg4 e5 22. Bf3 Be6 23. Bxf4 Qxf4 24. g3 Qxg5 25. Qe1 Kg7 26. Qe4 Rh8 27. Rg1 Qe3 28. Rg2 Qxe4 29. Bxe4 Bf5 30. Bxb7 1-0

[Event "Live Chess"]
[Site "Chess.com"]
[Date "2011.02.01"]
[Round "-"]
[White "alebits"]
[Black "hipposcottimus"]
[Result "1-0"]
[CurrentPosition "r1b3rk/p2n4/5p1Q/1pp4B/5P2/1PB5/2P3PP/2K3NR b - -"]
[Timezone "UTC"]
[ECO "C31"]
[ECOUrl "https://www.chess.com/openings/Kings-Gambit-Declined-Falkbeer-Accepted-Staunton-Charousek-Gambit"]
[UTCDate "2011.02.01"]
[UTCTime "07:34:42"]
[WhiteElo "1737"]
[BlackElo "1815"]
[TimeControl "60"]
[Termination "alebits won by checkmate"]
[StartTime "07:34:42"]
[EndDate "2011.02.01"]
[EndTime "07:36:26"]
[Link "https://www.chess.com/game/live/93561493"]

1. e4 e5 2. f4 d5 3. exd5 e4 4. d3 Qxd5 5. Nc3 Bb4 6. Bd2 Bxc3 7. Bxc3 exd3 8. Qxd3 Qe6+ 9. Be2 Nf6 10. O-O-O O-O 11. Bf3 c6 12. Re1 Qxa2 13. b3 Qa3+ 14. Bb2 Qa5 15. Re5 b5 16. Rg5 h6 17. Rxg7+ Kxg7 18. Bh5 Kg8 19. Bxf6 Nd7 20. Bc3 f6 21. Bxa5 c5 22. Qg6+ Kh8 23. Bc3 Rg8 24. Qxh6# 1-0

[Event "Live Chess"]
[Site "Chess.com"]
[Date "2011.02.01"]
[Round "-"]
[White "hipposcottimus"]
[Black "alebits"]
[Result "1-0"]
[CurrentPosition "3r2k1/7p/p5p1/5p2/4pP2/1Q1q2P1/P6P/7K b - -"]
[Timezone "UTC"]
[ECO "B20"]
[ECOUrl "https://www.chess.com/openings/Sicilian-Defense"]
[UTCDate "2011.02.01"]
[UTCTime "07:32:19"]
[WhiteElo "1824"]
[BlackElo "1726"]
[TimeControl "60"]
[Termination "hipposcottimus won on time"]
[StartTime "07:32:19"]
[EndDate "2011.02.01"]
[EndTime "07:34:22"]
[Link "https://www.chess.com/game/live/93560989"]

1. e4 c5 2. Bb5 a6 3. Be2 Nc6 4. c4 d6 5. d3 Nf6 6. Nf3 g6 7. O-O Bg7 8. Bf4 O-O 9. e5 Bg4 10. exf6 Bxf6 11. Bg3 Bxb2 12. Nc3 Bxa1 13. Qxa1 Bxf3 14. Bxf3 Nd4 15. Qd1 Rb8 16. Bg4 e6 17. Bh3 f5 18. f3 Qf6 19. Bf2 b5 20. Ne2 Nxe2+ 21. Qxe2 bxc4 22. dxc4 Rb2 23. Qe1 Rxf2 24. Rxf2 e5 25. Re2 Rd8 26. f4 e4 27. Re3 Qd4 28. Kh1 Qxc4 29. Re2 d5 30. g3 d4 31. Bf1 d3 32. Rd2 Qd4 33. Qd1 c4 34. Bxd3 cxd3 35. Rxd3 Qxd3 36. Qb3+ 1-0

[Event "Live Chess"]
[Site "Chess.com"]
[Date "2011.02.01"]
[Round "-"]
[White "alebits"]
[Black "hipposcottimus"]
[Result "0-1"]
[CurrentPosition "k2r3r/ppp4p/2N1Qp2/8/8/2P5/q5PP/1R2KB1R w K -"]
[Timezone "UTC"]
[ECO "C31"]
[ECOUrl "https://www.chess.com/openings/Kings-Gambit-Declined-Falkbeer-Accepted-Staunton-Charousek-Gambit-4...Nf6-5.Nc3"]
[UTCDate "2011.02.01"]
[UTCTime "07:30:08"]
[WhiteElo "1732"]
[BlackElo "1818"]
[TimeControl "60"]
[Termination "hipposcottimus won on time"]
[StartTime "07:30:08"]
[EndDate "2011.02.01"]
[EndTime "07:31:59"]
[Link "https://www.chess.com/game/live/93560527"]

1. e4 e5 2. f4 d5 3. exd5 e4 4. Nc3 Nf6 5. d3 Bb4 6. Bd2 Bxc3 7. Bxc3 Qxd5 8. dxe4 Qxe4+ 9. Ne2 Bg4 10. Bxf6 gxf6 11. Qd3 Qb4+ 12. c3 Qxb2 13. Rb1 Qxa2 14. Qe4+ Be6 15. f5 Nc6 16. fxe6 O-O-O 17. Nd4 fxe6 18. Qxe6+ Kb8 19. Nxc6+ Ka8 0-1

[Event "Live Chess"]
[Site "Chess.com"]
[Date "2011.02.01"]
[Round "-"]
[White "hipposcottimus"]
[Black "alebits"]
[Result "1-0"]
[CurrentPosition "8/1p4pk/2b4p/8/5B2/6PK/6r1/8 b - -"]
[Timezone "UTC"]
[ECO "B20"]
[ECOUrl "https://www.chess.com/openings/Sicilian-Defense-Bowdler-Attack-2...Nc6"]
[UTCDate "2011.02.01"]
[UTCTime "07:27:41"]
[WhiteElo "1812"]
[BlackElo "1738"]
[TimeControl "60"]
[Termination "hipposcottimus won on time"]
[StartTime "07:27:41"]
[EndDate "2011.02.01"]
[EndTime "07:29:48"]
[Link "https://www.chess.com/game/live/93559991"]

1. e4 c5 2. Bc4 Nc6 3. Nf3 d6 4. Ng5 Ne5 5. Qe2 h6 6. d4 Nxc4 7. Nxf7 Kxf7 8. Qxc4+ e6 9. f4 Nf6 10. d5 Be7 11. O-O Kg8 12. Nc3 e5 13. fxe5 dxe5 14. Be3 Bf8 15. Rad1 Bd7 16. d6+ Kh7 17. Qxc5 Rc8 18. Qxe5 Qe8 19. Qg3 Nxe4 20. Nxe4 Qxe4 21. Rf4 Qxc2 22. Rdf1 Bxd6 23. Rc1 Bxf4 24. Rxc2 Bxg3 25. Rxc8 Rxc8 26. hxg3 Rc2 27. Kh2 Rxb2 28. Bxa7 Rxa2 29. Be3 Bc6 30. Bf4 Rxg2+ 31. Kh3 1-0

[Event "Live Chess"]
[Site "Chess.com"]
[Date "2011.02.01"]
[Round "-"]
[White "alebits"]
[Black "hipposcottimus"]
[Result "1/2-1/2"]
[CurrentPosition "r1b2rk1/p1p1nNpp/1pn5/5p2/2B2P2/2B5/PPP3PP/2KRR3 w - -"]
[Timezone "UTC"]
[ECO "C31"]
[ECOUrl "https://www.chess.com/openings/Kings-Gambit-Declined-Falkbeer-Accepted-Staunton-Charousek-Gambit"]
[UTCDate "2011.02.01"]
[UTCTime "07:25:48"]
[WhiteElo "1745"]
[BlackElo "1805"]
[TimeControl "60"]
[Termination "Game drawn by repetition"]
[StartTime "07:25:48"]
[EndDate "2011.02.01"]
[EndTime "07:27:17"]
[Link "https://www.chess.com/game/live/93559641"]

1. e4 e5 2. f4 d5 3. exd5 e4 4. d3 Qxd5 5. Nc3 Bb4 6. Bd2 Bxc3 7. Bxc3 f6 8. dxe4 Qxe4+ 9. Qe2 Qxe2+ 10. Bxe2 Ne7 11. O-O-O Nbc6 12. Nf3 O-O 13. Bc4+ Kh8 14. Rhe1 f5 15. Ne5 b6 16. Nf7+ Kg8 17. Nh6+ Kh8 18. Nf7+ Kg8 19. Nh6+ Kh8 20. Nf7+ Kg8 1/2-1/2

[Event "Live Chess"]
[Site "Chess.com"]
[Date "2011.02.01"]
[Round "-"]
[White "hipposcottimus"]
[Black "alebits"]
[Result "1-0"]
[CurrentPosition "r5r1/5kpp/1q2n3/1N1pR3/P4n2/1p3PQ1/1P1N3P/7K b - -"]
[Timezone "UTC"]
[ECO "B20"]
[ECOUrl "https://www.chess.com/openings/Sicilian-Defense"]
[UTCDate "2011.02.01"]
[UTCTime "07:23:23"]
[WhiteElo "1806"]
[BlackElo "1744"]
[TimeControl "60"]
[Termination "hipposcottimus won on time"]
[StartTime "07:23:23"]
[EndDate "2011.02.01"]
[EndTime "07:25:24"]
[Link "https://www.chess.com/game/live/93559196"]

1. e4 c5 2. Bb5 a6 3. Be2 b5 4. c4 Bb7 5. cxb5 Bxe4 6. d3 Bxg2 7. Bf3 Bxf3 8. Nxf3 d5 9. d4 axb5 10. dxc5 e6 11. Be3 Nc6 12. Nc3 b4 13. Nb5 Qa5 14. a4 Nf6 15. Bf4 Nd7 16. Bd6 b3+ 17. Nd2 Nxc5 18. Bxf8 Kxf8 19. O-O Qb6 20. Kh1 Ne5 21. Qe2 f6 22. Rg1 Kf7 23. f3 Ng6 24. Qg2 Rhg8 25. Rae1 Nf4 26. Qg3 e5 27. Rxe5 fxe5 28. Re1 Nce6 29. Rxe5 1-0

[Event "Live Chess"]
[Site "Chess.com"]
[Date "2011.02.01"]
[Round "-"]
[White "alebits"]
[Black "hipposcottimus"]
[Result "0-1"]
[CurrentPosition "8/bp2r1Bk/7p/p1p5/2B3P1/2P4P/PPK5/5R2 w - -"]
[Timezone "UTC"]
[ECO "C31"]
[ECOUrl "https://www.chess.com/openings/Kings-Gambit-Declined-Falkbeer-Blackburne-Attack"]
[UTCDate "2011.02.01"]
[UTCTime "07:20:54"]
[WhiteElo "1751"]
[BlackElo "1799"]
[TimeControl "60"]
[Termination "hipposcottimus won on time"]
[StartTime "07:20:54"]
[EndDate "2011.02.01"]
[EndTime "07:23:02"]
[Link "https://www.chess.com/game/live/93558741"]

1. e4 e5 2. f4 d5 3. Nf3 Bg4 4. d3 dxe4 5. dxe4 Qxd1+ 6. Kxd1 exf4 7. Bxf4 Nf6 8. Nd2 Bc5 9. c3 O-O 10. Kc2 Bb6 11. Bd3 Bh5 12. h3 Bg6 13. g4 h6 14. Be5 Nfd7 15. Bd4 c5 16. Bf2 Nc6 17. Nh4 Nce5 18. Nxg6 Nxg6 19. Bg3 Nge5 20. Be2 Rad8 21. Nc4 Nxc4 22. Bxc4 Ne5 23. Bxe5 Rde8 24. Bg3 Rxe4 25. Rae1 Rxe1 26. Rxe1 a5 27. Rf1 Ba7 28. Bd6 Rd8 29. Bxf7+ Kh7 30. Be5 Rf8 31. Bc4 Re8 32. Bxg7 Re7 0-1

[Event "Live Chess"]
[Site "Chess.com"]
[Date "2011.02.01"]
[Round "-"]
[White "hipposcottimus"]
[Black "alebits"]
[Result "0-1"]
[CurrentPosition "5rk1/5ppp/8/3p2N1/3qpP2/8/P4QPP/3r2K1 w - -"]
[Timezone "UTC"]
[ECO "B20"]
[ECOUrl "https://www.chess.com/openings/Sicilian-Defense"]
[UTCDate "2011.02.01"]
[UTCTime "07:18:42"]
[WhiteElo "1792"]
[BlackElo "1758"]
[TimeControl "60"]
[Termination "alebits won by checkmate"]
[StartTime "07:18:42"]
[EndDate "2011.02.01"]
[EndTime "07:20:37"]
[Link "https://www.chess.com/game/live/93558248"]

1. e4 c5 2. Bb5 a6 3. Be2 b5 4. c4 Bb7 5. cxb5 axb5 6. Bxb5 Bxe4 7. d3 Bc6 8. Bc4 d5 9. Bb3 Nf6 10. Bc2 e5 11. Nc3 Be7 12. Nce2 O-O 13. Nf3 Nbd7 14. Bg5 Qc7 15. Bxf6 Nxf6 16. O-O Rad8 17. d4 e4 18. Ng5 Bb5 19. f4 cxd4 20. Nxd4 Bxf1 21. Qxf1 Bc5 22. Rd1 Qb6 23. Qf2 Qxb2 24. Bb3 Ng4 25. Rd2 Qa1+ 26. Qf1 Bxd4+ 27. Rxd4 Qxd4+ 28. Kh1 Nf2+ 29. Kg1 Nh3+ 30. Kh1 Nf2+ 31. Kg1 Rc8 32. Qxf2 Rc1+ 33. Bd1 Rxd1# 0-1

[Event "Live Chess"]
[Site "Chess.com"]
[Date "2011.02.01"]
[Round "-"]
[White "hipposcottimus"]
[Black "chemalito"]
[Result "1-0"]
[CurrentPosition "8/8/8/6kp/7Q/6BP/6K1/8 b - -"]
[Timezone "UTC"]
[ECO "C00"]
[ECOUrl "https://www.chess.com/openings/French-Defense-Knight-Variation"]
[UTCDate "2011.02.01"]
[UTCTime "07:15:50"]
[WhiteElo "1801"]
[BlackElo "1621"]
[TimeControl "60"]
[Termination "hipposcottimus won on time"]
[StartTime "07:15:50"]
[EndDate "2011.02.01"]
[EndTime "07:18:13"]
[Link "https://www.chess.com/game/live/93557709"]

1. e4 e6 2. Nf3 Bd6 3. e5 f6 4. exd6 cxd6 5. d4 e5 6. c3 e4 7. Nfd2 f5 8. Be2 g6 9. f3 Nf6 10. fxe4 Nxe4 11. Nxe4 fxe4 12. O-O Nc6 13. Bg4 d5 14. Nd2 d6 15. c4 Bxg4 16. Qxg4 dxc4 17. Nxe4 Nxd4 18. Nf6+ Kf8 19. Qxd4 Qb6 20. Bh6+ Kf7 21. Nd5+ Ke6 22. Nxb6 axb6 23. Rae1+ Kd7 24. Qg7+ Kc6 25. Rf6 Rhe8 26. Rxd6+ Kxd6 27. Rf1 Re7 28. Qf6+ Re6 29. Qc3 Rae8 30. Rd1+ Kc6 31. Qc1 b5 32. b3 Kc5 33. bxc4 bxc4 34. a3 b5 35. a4 bxa4 36. Qa3+ Kb5 37. Qb2+ Kc5 38. Qa3+ Kb5 39. Rb1+ Kc6 40. Bd2 Kd5 41. Bc3 Re1+ 42. Rxe1 Rxe1+ 43. Bxe1 Kd4 44. Qc3+ Kc5 45. g3 a3 46. Qxa3+ Kd4 47. Qc3+ Kc5 48. h3 h5 49. Kg2 Kd6 50. g4 Ke6 51. gxh5 gxh5 52. Bg3 Kf5 53. Qxc4 Kg5 54. Qh4+ 1-0

[Event "Live Chess"]
[Site "Chess.com"]
[Date "2011.02.01"]
[Round "-"]
[White "chemalito"]
[Black "hipposcottimus"]
[Result "0-1"]
[CurrentPosition "8/2p2qk1/1pP5/1K6/7p/8/8/8 w - -"]
[Timezone "UTC"]
[ECO "C20"]
[ECOUrl "https://www.chess.com/openings/Kings-Pawn-Opening-Leonardis-Variation"]
[UTCDate "2011.02.01"]
[UTCTime "07:13:19"]
[WhiteElo "1625"]
[BlackElo "1797"]
[TimeControl "60"]
[Termination "hipposcottimus won on time"]
[StartTime "07:13:19"]
[EndDate "2011.02.01"]
[EndTime "07:15:24"]
[Link "https://www.chess.com/game/live/93557207"]

1. e4 e5 2. d3 Nc6 3. h3 Nf6 4. g4 d5 5. f4 Bxg4 6. Be2 Bxe2 7. Qxe2 dxe4 8. dxe4 exf4 9. e5 Nd7 10. Nf3 Be7 11. Bxf4 O-O 12. Nc3 Bb4 13. a3 Bxc3+ 14. bxc3 Ncxe5 15. Bxe5 f6 16. Bxf6 Qxf6 17. Rg1 Rfe8 18. Rxg7+ Kxg7 19. Ne5 Rxe5 20. Qxe5 Qxe5+ 21. Kd2 Qh2+ 22. Kc1 Rf8 23. Kb2 Rf2 24. Rc1 Rxc2+ 25. Rxc2 Qxh3 26. Kb3 Nc5+ 27. Kb4 Ne4 28. c4 a5+ 29. Kxa5 Qxa3+ 30. Kb5 Nc3+ 31. Rxc3 Qxc3 32. Kc5 b6+ 33. Kc6 Qf3+ 34. Kb5 Qf7 35. c5 h5 36. c6 h4 0-1

[Event "Live Chess"]
[Site "Chess.com"]
[Date "2011.02.01"]
[Round "-"]
[White "brandop"]
[Black "hipposcottimus"]
[Result "0-1"]
[CurrentPosition "r2q2k1/pp2rppp/8/3p4/P4P2/1nn1B3/1P4PP/3K1B1R w - -"]
[Timezone "UTC"]
[ECO "D31"]
[ECOUrl "https://www.chess.com/openings/Queens-Gambit-Declined-Semi-Slav-Defense-Accelerated-Move-Order"]
[UTCDate "2011.02.01"]
[UTCTime "07:11:59"]
[WhiteElo "1196"]
[BlackElo "1792"]
[TimeControl "60"]
[Termination "hipposcottimus won by resignation"]
[StartTime "07:11:59"]
[EndDate "2011.02.01"]
[EndTime "07:13:01"]
[Link "https://www.chess.com/game/live/93556946"]

1. d4 d5 2. c4 c6 3. Nc3 e6 4. f4 Nf6 5. Nf3 Bb4 6. Qd3 Bxc3+ 7. Qxc3 O-O 8. Qd3 Na6 9. e4 Bd7 10. exd5 cxd5 11. cxd5 exd5 12. Ne5 Nc7 13. Ng6 Re8+ 14. Ne7+ Rxe7+ 15. Be3 Ne4 16. Kd1 Bb5 17. Qxb5 Nxb5 18. a4 Nxd4 19. Rc1 Nb3 20. Rc3 Nxc3+ 0-1

[Event "Live Chess"]
[Site "Chess.com"]
[Date "2011.02.01"]
[Round "-"]
[White "hipposcottimus"]
[Black "brandop"]
[Result "1-0"]
[CurrentPosition "rn2k2B/p1p2p1p/3p1Qp1/1B6/8/5N2/P4KPP/1R5R b kq -"]
[Timezone "UTC"]
[ECO "B06"]
[ECOUrl "https://www.chess.com/openings/Modern-Defense-with-1-e4-2.Nf3"]
[UTCDate "2011.02.01"]
[UTCTime "07:10:56"]
[WhiteElo "1791"]
[BlackElo "1198"]
[TimeControl "60"]
[Termination "hipposcottimus won by resignation"]
[StartTime "07:10:56"]
[EndDate "2011.02.01"]
[EndTime "07:11:43"]
[Link "https://www.chess.com/game/live/93556760"]

1. e4 g6 2. Nf3 Bg7 3. e5 d6 4. d4 dxe5 5. dxe5 Qd6 6. exd6 Bxb2 7. Bxb2 exd6 8. Bxh8 Nf6 9. Qd2 Ne4 10. Qh6 Nxf2 11. Kxf2 Bf5 12. Qg7 Bxc2 13. Qf6 Bxb1 14. Rxb1 b5 15. Bxb5+ 1-0

[Event "Live Chess"]
[Site "Chess.com"]
[Date "2011.02.01"]
[Round "-"]
[White "benski44"]
[Black "hipposcottimus"]
[Result "1-0"]
[CurrentPosition "8/6Rp/1Bb2p2/1kP5/2r5/7P/5KP1/8 b - -"]
[Timezone "UTC"]
[ECO "C31"]
[ECOUrl "https://www.chess.com/openings/Kings-Gambit-Declined-Falkbeer-Countergambit-Accepted"]
[UTCDate "2011.02.01"]
[UTCTime "07:08:13"]
[WhiteElo "1918"]
[BlackElo "1790"]
[TimeControl "60"]
[Termination "benski44 won on time"]
[StartTime "07:08:13"]
[EndDate "2011.02.01"]
[EndTime "07:10:30"]
[Link "https://www.chess.com/game/live/93556154"]

1. e4 e5 2. f4 d5 3. exd5 Qxd5 4. Nc3 Qe6 5. Nf3 e4 6. Ng5 Nf6 7. Qe2 Qc6 8. Ngxe4 Bg4 9. Qe3 Nxe4 10. Bb5 Nd7 11. Qxe4+ Qxe4+ 12. Nxe4 Bd6 13. Bxd7+ Kxd7 14. Nxd6 Kxd6 15. O-O Be2 16. Re1 Bg4 17. d3 Bd7 18. h3 c6 19. Be3 Kc7 20. c4 b6 21. b4 Rac8 22. a4 Kb8 23. a5 c5 24. axb6 axb6 25. bxc5 bxc5 26. Reb1+ Kc7 27. f5 Kd8 28. Rb7 Bxf5 29. d4 Rc7 30. Rb8+ Rc8 31. Rxc8+ Bxc8 32. Ra8 Re8 33. Bf2 cxd4 34. Bxd4 Re1+ 35. Kf2 Rc1 36. Bb6+ Kd7 37. c5 Kc6 38. Ra7 Bb7 39. Ra2 f6 40. Rd2 Rc4 41. Rd6+ Kb5 42. Rd7 Bc6 43. Rxg7 1-0

[Event "Live Chess"]
[Site "Chess.com"]
[Date "2011.02.01"]
[Round "-"]
[White "hipposcottimus"]
[Black "benski44"]
[Result "0-1"]
[CurrentPosition "1r2r2k/pb4b1/8/2p2Q2/2P5/8/PP4qP/R4RK1 w - -"]
[Timezone "UTC"]
[ECO "B20"]
[ECOUrl "https://www.chess.com/openings/Sicilian-Defense"]
[UTCDate "2011.02.01"]
[UTCTime "07:06:25"]
[WhiteElo "1797"]
[BlackElo "1862"]
[TimeControl "60"]
[Termination "benski44 won by checkmate"]
[StartTime "07:06:25"]
[EndDate "2011.02.01"]
[EndTime "07:07:31"]
[Link "https://www.chess.com/game/live/93555793"]

1. e4 c5 2. Bb5 Nc6 3. Bxc6 bxc6 4. c4 g6 5. d3 Bg7 6. f4 Nf6 7. Nc3 d6 8. e5 Nd7 9. Nf3 O-O 10. O-O dxe5 11. fxe5 Nxe5 12. Re1 Nxf3+ 13. Qxf3 e6 14. Bd2 f5 15. Rf1 Rb8 16. Qxc6 Bb7 17. Qxe6+ Kh8 18. Nd5 Re8 19. Ne7 Qxd3 20. Nxg6+ hxg6 21. Qxg6 Qxd2 22. Qxf5 Qxg2# 0-1

[Event "Live Chess"]
[Site "Chess.com"]
[Date "2011.02.01"]
[Round "-"]
[White "benski44"]
[Black "hipposcottimus"]
[Result "1-0"]
[CurrentPosition "8/8/5R2/P7/5k2/2r1n3/8/1K6 b - -"]
[Timezone "UTC"]
[ECO "C30"]
[ECOUrl "https://www.chess.com/openings/Kings-Gambit-Declined-Queens-Knight-Defense-3.Nf3"]
[UTCDate "2011.02.01"]
[UTCTime "07:03:34"]
[WhiteElo "1780"]
[BlackElo "1806"]
[TimeControl "60"]
[Termination "benski44 won on time"]
[StartTime "07:03:34"]
[EndDate "2011.02.01"]
[EndTime "07:05:52"]
[Link "https://www.chess.com/game/live/93555153"]

1. e4 e5 2. f4 Nc6 3. Nf3 d5 4. d3 dxe4 5. dxe4 Qxd1+ 6. Kxd1 exf4 7. Bxf4 Bg4 8. Bb5 O-O-O+ 9. Nd2 Nd4 10. Kc1 Nxb5 11. h3 Bxf3 12. gxf3 Nf6 13. Nc4 Bc5 14. a4 Nd4 15. c3 Nb3+ 16. Kc2 Nxa1+ 17. Rxa1 Nh5 18. b4 Nxf4 19. bxc5 Ne2 20. Kb3 Nf4 21. Re1 Rd3 22. Ne5 f6 23. Nxd3 Nxd3 24. Re3 Nf4 25. e5 fxe5 26. Rxe5 Ng6 27. Rg5 Rd8 28. h4 Rd3 29. h5 Nf4 30. Rf5 Rxf3 31. Rf8+ Kd7 32. Rf7+ Ke8 33. Rxg7 Nxh5 34. Rxh7 Ng3 35. Rh8+ Kf7 36. Rh3 Re3 37. Kc4 Ke6 38. Rh6+ Kf5 39. Rh7 Kf4 40. Rf7+ Nf5 41. Rxc7 Re4+ 42. Kd3 b6 43. cxb6 axb6 44. Rc6 Re3+ 45. Kd2 Rf3 46. Rxb6 Rf2+ 47. Kc1 Ne3 48. a5 Rc2+ 49. Kb1 Rxc3 50. Rf6+ 1-0

[Event "Live Chess"]
[Site "Chess.com"]
[Date "2011.02.01"]
[Round "-"]
[White "hipposcottimus"]
[Black "paaras55"]
[Result "1-0"]
[CurrentPosition "3N4/p7/2R4p/kB2p1p1/1PP5/2KP2P1/P6P/8 b - b3"]
[Timezone "UTC"]
[ECO "C57"]
[ECOUrl "https://www.chess.com/openings/Italian-Game-Traxler-Knight-Sacrifice-Line...7.Nxh8-d5-8.exd5-Bg4"]
[UTCDate "2011.02.01"]
[UTCTime "06:56:18"]
[WhiteElo "1447"]
[BlackElo "1192"]
[TimeControl "180"]
[Termination "hipposcottimus won by checkmate"]
[StartTime "06:56:18"]
[EndDate "2011.02.01"]
[EndTime "07:01:30"]
[Link "https://www.chess.com/game/live/93553823"]

1. e4 e5 2. Nf3 Nc6 3. Bc4 Nf6 4. Ng5 Bc5 5. Nxf7 Bxf2+ 6. Kf1 Qe7 7. Nxh8 d5 8. exd5 Bg4 9. dxc6 Bxd1 10. cxb7 Rb8 11. Ba6 Qf8 12. Bb5+ Kd8 13. Nc3 Qxh8 14. Nxd1 Qf8 15. Nxf2 Nd5 16. c4 Nf6 17. d3 Ng4 18. Bg5+ Nf6 19. Ke2 h6 20. Bxf6+ Qxf6 21. Ne4 Qh4 22. g3 Qg4+ 23. Kd2 Qf3 24. Rhf1 Qg2+ 25. Rf2 Qh3 26. Raf1 Rxb7 27. Rf8+ Ke7 28. R8f7+ Ke6 29. Nc5+ Kd6 30. Nxb7+ Ke6 31. Nd8+ Kd6 32. Kc3 Qxf1 33. Rxf1 Kc5 34. Rf7 g5 35. Rxc7+ Kb6 36. Rc6+ Ka5 37. b4# 1-0